 Dungeon Crawl Stone Soup version 0.22.0-6-g71bd7aa (webtiles) character file.

663 Nilihum the Spear-Bearer (level 7, -11/58 HPs)
             Began as a Merfolk Berserker on Aug 15, 2018.
             Was a Priest of Trog.
             Mangled by an orc warrior
             ... wielding a +0 battleaxe
              (17 damage)
             ... on level 5 of the Dungeon.
             The game lasted 00:11:28 (7135 turns).

Nilihum the Spear-Bearer (Merfolk Berserker)        Turns: 7135, Time: 00:11:29

Health: -11/58     AC: 15    Str: 18 (19) XL:     7   Next: 56%
Magic:  7/7        EV:  6    Int:  7      God:    Trog [***...]
Gold:   301        SH:  0    Dex:  8      Spells: 6/6 levels left

rFire    . . .     SeeInvis +   p - -1 trident (curse)
rCold    . . .     Gourm    .   (no shield)
rNeg     . . .     Faith    .   v - +5 plate armour of the Centipede {+Blink rCorr Dex-5}
rPois    .         Spirit   .   e - +0 hat
rElec    .         Reflect  .   (no cloak)
rCorr    +         Harm     .   (no gloves)
MR       .....                  (no boots)
Stlth    ..........             (no amulet)
HPRegen  0.19/turn              o - +1 ring of evasion
MPRegen  0.10/turn              l - ring of see invisible {sInv, !d}

@: berserk cooldown, flying, slowed, very slow
A: change form in water, swift swim, stealthy swim
a: Berserk, Trog's Hand, Renounce Religion, Evoke Blink


You were on level 5 of the Dungeon.
You worshipped Trog.
Trog was most pleased with you.
You were near starving.

You visited 1 branch of the dungeon, and saw 6 of its levels.

You collected 301 gold pieces.

Inventory:

Hand Weapons
 a - a +0 spear
 b - a cursed -3 spear
   (You found it on level 3 of the Dungeon)
 p - a cursed -1 trident (weapon)
   (You took it off an orc on level 3 of the Dungeon)
 A - a +2 dagger of freezing
   (You found it on level 5 of the Dungeon)
 C - a +0 whip of freezing
   (You took it off an orc on level 6 of the Dungeon)
Armour
 e - a +0 hat (worn)
   (You found it on level 1 of the Dungeon)
 q - a +0 leather armour
   (You took it off an orc on level 3 of the Dungeon)
 v - the +5 plate armour of the Centipede (worn) {+Blink rCorr Dex-5}
   (You found it on level 4 of the Dungeon)

   It affects your dexterity (-5).
   It lets you blink.
   It provides partial protection from all sources of acid and corrosion.
 y - a +0 chain mail
   (You found it on level 4 of the Dungeon)
Jewellery
 j - an uncursed ring of stealth {Stlth+}
   (You found it on level 1 of the Dungeon)
 l - a ring of see invisible (right hand) {sInv, !d}
   (You found it on level 2 of the Dungeon)
 o - a +1 ring of evasion (left hand)
   (You found it on level 2 of the Dungeon)
 x - an uncursed ring of protection from magic {MR+, !d}
   (You found it on level 5 of the Dungeon)
Wands
 t - a wand of acid (7)
   (You found it on level 4 of the Dungeon)
 u - a wand of flame (43)
   (You found it on level 4 of the Dungeon)
Scrolls
 d - 2 scrolls of teleportation {unknown}
 f - 3 scrolls of amnesia {unknown}
 h - a scroll of enchant armour {unknown}
 i - 3 scrolls of random uselessness {unknown}
 k - 3 scrolls of remove curse {unknown}
 m - 2 scrolls of identify
 n - 2 scrolls of fear {unknown}
 s - a scroll of magic mapping {unknown}
Potions
 r - a potion of might
Comestibles
 c - 8 rations


   Skills:
 + Level 6.0 Fighting
 * Level 10.3 Polearms
 - Level 1.3 Armour
 - Level 2.6 Dodging


You had 6 spell levels left.
You didn't know any spells.
Your spell library was empty.

Dungeon Overview and Level Annotations

Branches:
Dungeon (6/15)
 Temple: D:4-7

Altars:
Elyvilon
Gozag
Kikubaaqudgha
Nemelex Xobeh
Okawaru
Sif Muna
Xom
Zin


Message History

An orc wizard is nearby!
The orc warrior shouts!
The orc wizard shouts!
You hear a shout!
You closely miss the orc wizard.
The orc wizard hits you but does no damage.
You closely miss the orc wizard.
The orc warrior hits you with a battleaxe.
The orc wizard hits you but does no damage.
You take 6 damage, and have 51/58 hp.
The orc wizard gestures at you while chanting.
The magic dart hits you!
There is a stone staircase leading up here.
A red film seems to cover your vision as you go berserk!
You feel yourself moving faster!
You feel mighty!
You are near starving!
The orc warrior barely misses you.
You now have 76/87 hp.
You closely miss the orc warrior.
The orc wizard gestures at you while chanting.
You are confused.
You closely miss the orc warrior. The orc warrior closely misses you.
You hit the orc warrior but do no damage.
The orc wizard barely misses you.
You puncture the orc warrior!
You're too confused to move!
The orc warrior hits you but does no damage.
The orc wizard hits you but does no damage.
The orc wizard gestures wildly while chanting.
The orc wizard blinks!
You bump into the rock wall.
You feel a strong urge to attack something.
The orc wizard hits you but does no damage.
You hit the orc warrior but do no damage.
The orc warrior closely misses you.
You feel a strong urge to attack something.
You are no longer berserk.
You are exhausted.
You feel yourself slow down.
The orc warrior hits you with a battleaxe.
You now have 51/58 hp.
You're too confused!
It was a potion of invisibility.
You fade into invisibility!
You feel less confused.
The orc warrior hits you with a battleaxe!
The orc wizard hits you but does no damage.
The orc wizard gestures at you while chanting.
The magic dart hits you!
You are very lightly contaminated with residual magic.
You take 14 damage, and have 37/58 hp.
MASSIVE DAMAGE!!
The orc warrior barely misses you.
The orc wizard points at the orc wizard and mumbles some strange words.
The magic dart hits the orc wizard.
There is a stone staircase leading up, spattered with blood here.
The orc wizard shouts!
You climb upwards.
There is a stone staircase leading down here.
You hit the orc warrior.
The orc warrior hits you with a battleaxe!
You take 12 damage, and have 26/58 hp.
MASSIVE DAMAGE!!
You flicker for a moment.
You see here a war axe.
The orc warrior hits you with a battleaxe.
You take 6 damage, and have 21/58 hp.
You flicker back into view.
The orc warrior hits you with a battleaxe!
* * * LOW HITPOINT WARNING * * *
You take 10 damage, and have 12/58 hp.
Okay, then.
It was a potion of flight.
You feel very buoyant.
You fly up into the air.
The orc warrior hits you but does no damage.
It was a potion of ambrosia.
You are confused.
You feel invigorated.
The orc warrior hits you but does no damage.
You regained 8 hp, and now have 21/58 hp.
You hit the orc warrior but do no damage.
The orc warrior hits you with a battleaxe!!
* * * LOW HITPOINT WARNING * * *
You take 18 damage, and have 3/58 hp.
MASSIVE DAMAGE!!
You're too confused!
Okay, then.
You're too confused to move!
You feel less invigorated.
You feel less confused.
The orc warrior hits you but does no damage.
The orc warrior closely misses you.
You regained 6 hp, and now have 9/58 hp.
The orc warrior hits you with a battleaxe.
* * * LOW HITPOINT WARNING * * *
You take 3 damage, and have 6/58 hp.
Your magical contamination has completely faded away.
As you read the scroll labeled AKHA QAODYSOQ, it crumbles to dust.
It is a scroll of identify.
x - an uncursed ring of protection from magic The orc warrior hits you with a battleaxe!
You die...

############
###.......)>.#####
#......#####......
#.#.##.####...####
#o#...............
###########@#.#######..(####
#......................####
#.#########..#####.##.....##
#.# ##.# #.###...... #.# #.#
#.....##.). #.# #.#
#.###.##..# #.######
#.#####.....##..# #......##
#.......#######.#
##.###.#.#####.#.#### #..


You could see an orc warrior.

Vanquished Creatures
  An ice beast (D:6)
  2 crimson imps (D:5)
  An orc priest (D:6)
  A gnoll shaman (D:4)
  3 hounds
  An orc wizard (D:6)
  A bullfrog skeleton (D:6)
  An iguana (D:5)
  A worker ant (D:4)
  A hound skeleton (D:5)
  7 adders
  4 gnolls (D:4)
  2 shadow imps (D:6)
  2 oozes
  An adder skeleton (D:4)
  2 worms
  A dart slug (D:2)
  6 leopard geckos
  7 orcs
  10 bats
  3 giant cockroaches
  9 goblins
  9 hobgoblins
  11 jackals
  2 quokkas (D:2)
  2 ball pythons
  8 frilled lizards
  7 kobolds
  6 rats
  A plant (D:2)
113 creatures vanquished.

Notes
Turn   | Place    | Note
-------+----------+-------------------------------------------
     0 | D:1      | Nilihum the Merfolk Berserker began the quest for the Orb.
     0 | D:1      | Reached XP level 1. HP: 18/18 MP: 1/1
   367 | D:1      | Reached XP level 2. HP: 13/24 MP: 2/2
   369 | D:1      | Reached skill level 5 in Polearms
   960 | D:1      | Reached XP level 3. HP: 21/30 MP: 3/3
  1612 | D:2      | Reached skill level 6 in Polearms
  1698 | D:2      | Reached ** piety under Trog
  1775 | D:2      | Reached skill level 4 in Fighting
  1785 | D:2      | Reached XP level 4. HP: 37/37 MP: 4/4
  2648 | D:3      | HP: 13/55 [poisoned by a kobold]
  2654 | D:3      | HP: 6/37 [poisoned by a kobold]
  2659 | D:2      | HP: 5/55 [poisoned by a kobold]
  2667 | D:2      | HP: 4/55 [poisoned by a kobold]
  2675 | D:2      | HP: 3/55 [poisoned by a kobold]
  3005 | D:2      | HP: 9/37 [poisoned by an adder]
  3012 | D:2      | HP: 8/37 [poisoned by an adder]
  3020 | D:2      | HP: 7/37 [poisoned by an adder]
  3464 | D:3      | Found an iron altar of Okawaru.
  3470 | D:3      | Reached skill level 7 in Polearms
  3513 | D:3      | HP: 9/37 [hobgoblin/falchion of slicing (2)]
  3852 | D:3      | Reached XP level 5. HP: 42/43 MP: 5/5
  4210 | D:3      | Found a deep blue altar of Sif Muna.
  4212 | D:3      | Found a sparkling altar of Nemelex Xobeh.
  4212 | D:3      | Found an ancient bone altar of Kikubaaqudgha.
  4214 | D:3      | Found a shimmering altar of Xom.
  4214 | D:3      | Found a glowing silver altar of Zin.
  4214 | D:3      | Found a white marble altar of Elyvilon.
  4336 | D:4      | HP: 10/43 [poisoned by a worker ant]
  4341 | D:4      | HP: 6/43 [poisoned by a worker ant]
  4348 | D:4      | HP: 4/43 [poisoned by a worker ant]
  4353 | D:4      | HP: 3/43 [poisoned by a worker ant]
  4856 | D:4      | Got a crude plate armour
  5041 | D:4      | Reached skill level 8 in Polearms
  5043 | D:4      | Reached XP level 6. HP: 50/50 MP: 6/6
  5048 | D:4      | Reached *** piety under Trog
  5273 | D:4      | Reached skill level 5 in Fighting
  5290 | D:4      | Identified the +5 plate armour of the Centipede {+Blink rCorr Dex-5} (You found it on level 4 of the Dungeon)
  5630 | D:5      | Entered Level 5 of the Dungeon
  5859 | D:5      | Reached skill level 9 in Polearms
  6232 | D:6      | Found an opulent altar of Gozag.
  6293 | D:6      | Reached XP level 7. HP: 37/56 MP: 7/7
  6789 | D:6      | Reached skill level 10 in Polearms
  7027 | D:6      | Reached skill level 6 in Fighting
  7124 | D:5      | HP: 12/58 [orc warrior/battleaxe (10)]
  7128 | D:5      | HP: 3/58 [orc warrior/battleaxe (22)]
  7133 | D:5      | HP: 6/58 [orc warrior/battleaxe (4)]
  7135 | D:5      | Mangled by an orc warrior

Skill      XL: |  1  2  3  4  5  6  7 |
---------------+----------------------+-----
Polearms       | 5 6 7 8 9 10 | 10.3
Fighting       | 4 5 6 |  6.0
Armour         | |  1.3
Dodging        | |  2.6

Action                   |  1- 3 |  4- 6 |  7- 9 || total
-------------------------+-------+-------+-------++-------
Melee: Spear             |   152 |   193 |       ||   345
       Trident           |       |   180 |    82 ||   262
Invok: Berserk           |     2 |     5 |     2 ||     9
Evoke: Wand              |       |       |     1 ||     1
  Use: Potion            |       |     5 |     3 ||     8
       Scroll            |       |       |     1 ||     1
 Stab: Sleeping          |     3 |     2 |       ||     5
       Distracted        |     1 |       |       ||     1
  Eat: Chunk             |     5 |    15 |     3 ||    23
       Ration            |       |     1 |       ||     1
Armor: Animal skin       |    33 |    10 |       ||    43
       Leather armour    |       |     8 |       ||     8
       Plate armour      |       |    41 |    63 ||   104
Dodge: Dodged            |   105 |   112 |    26 ||   243

Vault maps used:
D:1:      nzn_arrival_crosshair
D:2:      serial_forest, infiniplex_forest_end_1, infiniplex_forest_diagonal,
          infiniplex_forest_lined_2, infiniplex_forest_straight_1,
          infiniplex_forest_end_3, infiniplex_forest_straight_5
D:3:      doesnt_xom_only_xom, serial_bayou_pond_e, minivault_14,
          okawaru_ov_weapons_minmay
D:4:      first_ration, serial_co_window_serial, co_window_paths_a,
          co_window_corner_a, co_window_of_opportunity_a, co_window_paths_b,
          co_window_paths_a, co_window_of_opportunity_c,
          co_window_unsneaky_path_d, co_window_broadway_c,
          co_window_of_opportunity_b, co_window_paths_c, glass_columns_a,
          glass_columns_a, glass_columns_a, glass_columns_b, glass_columns_c
D:6:      nicolae_gozag_cash_rules_everything_around_me, marbit_many_paths,
          minmay_temple_entry_statues

Table legend:
 A = Turns spent in this place as a percentage of turns spent in the entire game.
 B = Non-inter-level travel turns spent in this place as a percentage of non-inter-level travel turns spent in the entire game.
 C = Inter-level travel turns spent in this place as a percentage of turns spent in this place.
 D = Turns resting spent in this place as a percentage of non-inter-level travel turns spent in this place.
 E = Turns spent auto-exploring this place as a percentage of non-inter-level travel turns spent in this place.
 F = Non-inter-level travel turns spent in this place divided by the number of levels of this place that you've seen.
                   A       B       C       D       E      F
               +-------+-------+-------+-------+-------+----------------------
         Total | 100.0 | 100.0 |   2.6 |  43.6 |  38.5 | 1158.7
       Dungeon | 100.0 | 100.0 |   2.6 |  43.6 |  38.5 | 1158.7
               +-------+-------+-------+-------+-------+----------------------

Table legend:
 A = Kills in this place as a percentage of kills in entire the game.
 B = Kills by you in this place as a percentage of kills by you in the entire game.
 C = Kills by friends in this place as a percentage of kills by friends in the entire game.
 D = Other kills in this place as a percentage of other kills in the entire game.
 E = Experience gained in this place as a percentage of experience gained in the entire game.
 F = Experience gained in this place divided by the number of levels of this place that you have seen.
                   A       B       C       D       E      F
               +-------+-------+-------+-------+-------+----------------------
         Total | 100.0 | 100.0 |   N/A |   N/A | 100.0 | 158.0
       Dungeon | 100.0 | 100.0 |   N/A |   N/A | 100.0 | 158.0
               +-------+-------+-------+-------+-------+----------------------
